 Dungeon Crawl Stone Soup version 0.22-a0-49-g614aadd (webtiles) character file.

56 KristoblXynda the Skirmisher (level 3, -1/51 HPs)
             Began as a Naga Fighter on Jan 8, 2018.
             Slain by a goblin (5 damage)
             ... led by Robin
             ... on level 2 of the Dungeon.
             The game lasted 00:02:31 (1325 turns).

KristoblXynda the Skirmisher (Naga Fighter)         Turns: 1325, Time: 00:02:32

Health: -1/51      AC:  5    Str: 23    XL:     3   Next: 95%
Magic:  3/3        EV:  5    Int:  9    God:
Gold:   114        SH:  9    Dex: 10    Spells: 2/2 levels left

rFire    + . .     SeeInvis +   a - +0 long sword
rCold    . . .     Gourm    .   c - +0 shield
rNeg     . . .     Faith    .   b - +0 scale mail
rPois    +         Spirit   .   (no helmet)
rElec    .         Reflect  .   (no cloak)
rCorr    .         Harm     .   k - +0 pair of gloves
MR       .....                  (no barding)
Stlth    ..........             (no amulet)
HPRegen  0.17/turn              (no ring)
MPRegen  0.08/turn              g - ring of protection from fire

@: berserking, quick
A: large, see invisible, deformed body, poison resistance, slowness 2, slow
metabolism 1, spit poison 1, AC +1
a: Spit Poison


You were on level 2 of the Dungeon.
You were not hungry.

You visited 1 branch of the dungeon, and saw 2 of its levels.

You collected 114 gold pieces.

Inventory:

Hand Weapons
 a - a +0 long sword (weapon)
Armour
 b - a +0 scale mail (worn)
 c - a +0 shield (worn)
 k - a +0 pair of gloves (worn)
Jewellery
 g - a ring of protection from fire (right hand)
 l - an uncursed amulet of magic regeneration {unknown}
Scrolls
 h - a scroll of random uselessness {unknown}
Potions
 d - a potion of might
 e - a potion of haste {unknown}
Comestibles
 f - 4 rations
 m - a chunk of flesh


   Skills:
 - Level 3.0 Fighting
 + Level 2.8 Long Blades
 + Level 3.0 Armour
 + Level 3.0 Shields


You had 2 spell levels left.
You didn't know any spells.

Dungeon Overview and Level Annotations

Branches:
Dungeon (2/15)

Altars:


Innate Abilities, Weirdness & Mutations

You cannot wear boots.
Your serpentine skin is tough. (AC +1)
You have supernaturally acute eyesight. (SInv)
Armour fits poorly on your strangely shaped body.
Your system is resistant to poisons. (rPois)
You cover ground very slowly.
You have a slow metabolism.
You can spit poison.


Message History

You kill the goblin!
The goblin hits you with a club!
* * * LOW HITPOINT WARNING * * *
You closely miss the goblin. The goblin hits you but does no damage.
You block the goblin's attack. You block the hobgoblin's attack.
The goblin hits you with a club.
* * * LOW HITPOINT WARNING * * *
Unknown command.
It was a potion of curing.
You feel better.
You have got your breath back.
The goblin hits you.
* * * LOW HITPOINT WARNING * * *
You block the goblin's attack. The hobgoblin hits you with a club!
* * * LOW HITPOINT WARNING * * *
The goblin hits you but does no damage.
It was a potion of berserk rage.
A red film seems to cover your vision as you go berserk!
You feel yourself moving faster!
You feel mighty! You block the goblin's attack. The goblin hits you.
You die...

#...# #...# ####
#...#####.. #...#...#.#
######...#.#.#.##
...........#....# #
.........#####..# .#
...........#...g##..###.
.#####...#.#.#.g@g......
#...#...##†#g...##.
#.<.######.#.#..# #...#
#.... .... #...# #####.
### #...# .. #...# ..
###


You could see a hobgoblin and 3 goblins.

Vanquished Creatures
  Robin (D:2)
  An adder (D:2)
  A leopard gecko (D:2)
  8 goblins
  5 hobgoblins
  4 bats
  4 frilled lizards (D:1)
  5 kobolds
  3 rats (D:1)
32 creatures vanquished.

Notes
Turn   | Place    | Note
-------+----------+-------------------------------------------
     0 | D:1      | KristoblXynda the Naga Fighter began the quest for the Orb.
     0 | D:1      | Reached XP level 1. HP: 21/21 MP: 1/1
   166 | D:1      | Reached XP level 2. HP: 27/28 MP: 2/2
   756 | D:2      | Noticed Robin
   769 | D:2      | Reached XP level 3. HP: 20/34 MP: 3/3
  1321 | D:2      | Killed Robin
  1325 | D:2      | Slain by a goblin

Vault maps used:
D:1:      dpeg_arrival_refuge
D:2:      first_ration, uniq_robin, uniq_crazy_yiuf_cottage

Skill      XL: |  1  2  3 |
---------------+----------+-----
Armour         | 3 |  3.0
Shields        | 3 |  3.0
Fighting       | |  3.0
Long Blades    | |  2.8

Action                   || total
-------------------------++-------
Melee: Long sword        ||   115
 Abil: Spit Poison       ||     6
  Use: Potion            ||     2
  Eat: Chunk             ||     1
Armor: Scale mail        ||    58
Dodge: Dodged            ||    27
Block: Shield            ||    91
       Rpst.: Long sword ||    11

Table legend:
 A = Spawn XP
 B = Non-spawn XP
 C = Spawn XP percentage of total XP
 D = Spawn monster count
 E = Non-spawn monster count
 F = Spawn count percentage of total count
 G = Total turns spent on level
                    A         B        C        D         E        F      G
               +---------+---------+-------+---------+---------+-------+---------
         Total |       0 |      80 |   0.0 |       0 |      32 |   0.0 |  1325
               +---------+---------+-------+---------+---------+-------+---------
           D:1 |       0 |      26 |   0.0 |       0 |      18 |   0.0 |   698
           D:2 |       0 |      54 |   0.0 |       0 |      14 |   0.0 |   627
               +---------+---------+-------+---------+---------+-------+---------
